Nashville Predators vs Winnipeg Jets
Created - Saturday, June 24, 2023 at 06:30
Goals
|
| Nashville Predators |
1 |
1 |
2 |
4 |
| Winnipeg Jets |
1 |
3 |
1 |
5 |
|
Shots
|
| Nashville Predators |
8 |
9 |
14 |
31 |
| Winnipeg Jets |
17 |
11 |
16 |
44 |
|
1st period
1. Nashville Predators , Cale Makar 25 (Corey Perry 28, Zemgus Girgensons 23) at 12:37 (PP)
2. Winnipeg Jets , Kevin Shattenkirk 5 (Mark Stone 36, Nick Suzuki 36) at 16:11
Penalties :
Mark Borowiecki (WPG) for High sticking (Minor) at 2:39, John Klingberg (WPG) for High sticking (Minor) at 12:28
2nd period
3. Winnipeg Jets , Barclay Goodrow 7 (Eeli Tolvanen 4) at 4:51
4. Winnipeg Jets , Matty Beniers 18 (Mathew Barzal 28, Ryan Nugent-Hopkins 44) at 5:44
5. Nashville Predators , Cale Makar 26 (Zemgus Girgensons 24) at 8:11
6. Winnipeg Jets , Lucas Raymond 8 (Mathew Barzal 29, Matty Beniers 25) at 14:03
Penalties :
No Penalty
3rd period
7. Winnipeg Jets , Connor McDavid 33 (Joe Pavelski 28, Ryan Nugent-Hopkins 45) at 9:25 (PP)
8. Nashville Predators , Brandon Saad 36 (Cale Makar 66, Rasmus Ristolainen 20) at 10:10
9. Nashville Predators , Nick Bjugstad 9 (Corey Perry 29, Nate Schmidt 12) at 18:44
Penalties :
Ryan Carpenter (NSH) for Hooking (Minor) at 9:15, John Klingberg (WPG) for Holding (Minor) at 10:44, Mark Borowiecki (WPG) for Checking from behind (Minor) at 19:01
Goalie Stats
Anthony Stolarz (NSH), 0 saves from 0 shots - (0.000), 2:16 minutes
Robin Lehner (NSH), 39 saves from 44 shots - (0.886), L, 21-18-3, 57:44 minutes
Jake Allen (WPG), 27 saves from 31 shots - (0.871), W, 11-16-7, 60:00 minutes
Players Stats for Nashville Predators
Player Name G A P +/- PIM S H SB GA TA FO MP PP MP PK MP
------------------------------------------------------------------------------------
Bowen Byram 0 0 0 -1 0 1 1 2 0 1 0/0 15:44 3:16 0:00
Brandon Saad 1 0 1 1 0 3 0 0 1 1 1/1 17:15 2:46 0:00
Cale Makar 2 1 3 2 0 11 1 1 2 0 0/0 25:03 3:16 0:00
Corey Perry 0 2 2 -2 0 3 0 0 0 0 1/2 15:46 2:13 0:00
Jake Muzzin 0 0 0 -2 0 0 2 2 0 0 0/0 17:01 0:00 0:10
Janne Kuokkanen 0 0 0 -2 0 2 0 0 1 0 0/2 15:29 2:13 0:00
Justin Braun 0 0 0 -2 0 0 2 1 2 0 0/0 20:41 0:00 0:10
Loui Eriksson 0 0 0 0 0 0 0 0 1 0 0/0 13:48 0:06 0:00
Nate Schmidt 0 1 1 -1 0 0 0 2 0 0 0/0 17:56 1:49 0:00
Nick Bjugstad 1 0 1 -2 0 2 1 0 0 0 3/17 13:16 0:00 0:00
Nolan Patrick 0 0 0 0 0 0 0 2 0 0 0/0 13:37 0:06 0:00
Pat Maroon 0 0 0 0 0 0 3 0 0 0 0/0 13:37 0:06 0:00
Rasmus Ristolainen 0 1 1 2 0 1 2 2 0 1 0/0 23:35 1:49 0:00
Riley Nash 0 0 0 0 0 0 1 0 0 0 4/8 13:28 0:00 0:10
Ryan Carpenter 0 0 0 0 2 1 0 0 0 0 0/0 13:28 0:00 0:00
Sam Gagner 0 0 0 1 0 0 4 1 0 0 0/2 17:15 2:46 0:00
Thomas Novak 0 0 0 1 0 3 0 0 0 0 4/20 16:58 2:46 0:00
Zemgus Girgensons 0 2 2 0 0 4 2 0 0 1 5/11 15:52 2:13 0:10
Players Stats for Winnipeg Jets
Player Name G A P +/- PIM S H SB GA TA FO MP PP MP PK MP
------------------------------------------------------------------------------------
Andrew Cogliano 0 0 0 1 0 2 0 0 0 0 1/1 10:21 0:00 2:31
Barclay Goodrow 1 0 1 1 0 2 2 0 0 0 5/8 10:21 0:00 2:31
Brandon Montour 0 0 0 1 0 0 1 2 0 0 0/0 21:28 0:10 2:35
Calen Addison 0 0 0 0 0 0 1 0 0 1 0/0 18:22 0:00 2:35
Connor McDavid 1 0 1 0 0 5 0 0 1 0 18/24 18:28 0:10 0:00
Dante Fabbro 0 0 0 0 0 4 2 2 0 1 0/0 21:22 0:00 1:36
Eeli Tolvanen 0 1 1 1 0 2 0 0 0 0 0/0 7:52 0:00 0:05
Joe Pavelski 0 1 1 0 0 0 3 0 1 1 2/4 18:28 0:10 0:00
John Klingberg 0 0 0 0 4 5 0 0 0 0 0/0 20:09 0:10 0:00
Kevin Shattenkirk 1 0 1 1 0 1 1 0 0 2 0/0 21:49 0:00 2:30
Lucas Raymond 1 0 1 1 0 2 1 0 0 0 1/2 13:38 0:00 0:05
Mark Borowiecki 0 0 0 0 4 1 6 1 0 0 0/0 17:07 0:00 0:54
Mark Stone 0 1 1 -1 0 6 2 1 1 2 0/1 17:50 0:00 2:29
Mathew Barzal 0 2 2 1 0 3 1 1 1 0 0/0 13:19 0:00 0:00
Matty Beniers 1 1 2 1 0 2 0 0 0 0 3/6 13:19 0:00 0:00
Nick Suzuki 0 1 1 -1 0 3 1 1 0 0 14/15 17:33 0:00 2:29
Ryan Nugent-Hopkins 0 2 2 0 0 5 0 1 0 0 0/0 18:28 0:10 0:00
Tyler Toffoli 0 0 0 -1 0 1 1 2 0 0 1/2 14:57 0:00 0:00
3 Stars
1 - Cale Makar (NSH)
2 - Matty Beniers (WPG)
3 - Barclay Goodrow (WPG)
Power Play
Nashville Predators - 1 on 4 Attempt(s) - 25.00%
Winnipeg Jets - 1 on 1 Attempt(s) - 100.00%
Penalty Kill
Nashville Predators - 0 on 1 Attempt(s) - 0.00%
- Score 0 goal in Penalty Kill
Winnipeg Jets - 3 on 4 Attempt(s) - 75.00%
- Score 0 goal in Penalty Kill
Team Stat
Nashville Predators - Hits : 19 - Faceoff Wins : 18 - Blocked Shots : 13 - Penalty Minutes : 2
Winnipeg Jets - Hits : 22 - Faceoff Wins : 45 - Blocked Shots : 11 - Penalty Minutes : 8
Official
Referees : Brian Pochmara and Kendrick Nicholson
Linesman : Steve Miller and Lonnie Cameron
Game Notes
Anthony Stolarz is injured at 2:16 of 1st period (Bruised Right Shoulder)
Robin Lehner enters game at 2:16 of 1st period
Finance
Level 1 -- Attendance: 6000 (100.00%) -- Ticket Income $552,000
Level 2 -- Attendance: 4565 (91.30%) -- Ticket Income $251,075
Level 3 -- Attendance: 2603 (86.77%) -- Ticket Income $78,090
Level 4 -- Attendance: 4176 (83.52%) -- Ticket Income $91,872
Luxury Box -- Attendance: 976 (97.60%) -- Ticket Income $185,440
Game was played at the MTS Centre.
Total Attendance: 18320 (91.60%)
Total Ticket Income: $1,158,477
Other Income: $405,467
Total Income: $1,563,944
Nashville Predators
5 vs 5 Forward
Center Left Wing Right Wing Time % Phy DF OF
1 Thomas Novak Brandon Saad Sam Gagner 26 1 2 2
2 Zemgus Girgensons Loui Eriksson Ryan Carpenter 25 1 2 2
3 Nick Bjugstad Janne Kuokkanen Corey Perry 25 1 2 2
4 Riley Nash Pat Maroon Nolan Patrick 24 1 2 2
5 vs 5 Defense
Defense Defense Time % Phy DF OF
1 Cale Makar Rasmus Ristolainen 40 1 2 2
2 Nate Schmidt Justin Braun 30 1 2 2
3 Bowen Byram Jake Muzzin 20 1 2 2
4 Jake Muzzin Justin Braun 10 1 2 2
PowerPlay Forward
Center Left Wing Right Wing Time % Phy DF OF
1 Thomas Novak Brandon Saad Sam Gagner 60 1 2 2
2 Zemgus Girgensons Janne Kuokkanen Corey Perry 40 1 2 2
PowerPlay Defense
Defense Defense Time % Phy DF OF
1 Bowen Byram Cale Makar 60 1 2 2
2 Nate Schmidt Rasmus Ristolainen 40 1 2 2
Penalty Kill 4 Players Forward
Center Wing Time % Phy DF OF
1 Riley Nash Zemgus Girgensons 60 1 2 2
2 Ryan Carpenter Sam Gagner 40 1 2 2
Penalty Kill 4 Players Defense
Defense Defense Time % Phy DF OF
1 Jake Muzzin Justin Braun 60 1 2 2
2 Rasmus Ristolainen Cale Makar 40 1 2 2
Penalty Kill - 3 Players Forward
Forward Time % Phy DF OF
1 Riley Nash 60 1 2 2
2 Ryan Carpenter 40 1 2 2
Penalty Kill - 3 Players Defense
Defense Defense Time % Phy DF OF
1 Jake Muzzin Justin Braun 60 1 2 2
2 Rasmus Ristolainen Cale Makar 40 1 2 2
4 vs 4 Forward
Center Wing Time % Phy DF OF
1 Riley Nash Zemgus Girgensons 60 1 2 2
2 Ryan Carpenter Sam Gagner 40 1 2 2
4 vs 4 Defense
Defense Defense Time % Phy DF OF
1 Cale Makar Bowen Byram 60 1 2 2
2 Rasmus Ristolainen Nate Schmidt 40 1 2 2
Last Minutes Offensive
Center Left Wing Right Wing Defense Defense
Sam Gagner Brandon Saad Corey Perry Bowen Byram Cale Makar
Last Minutes Defensive
Center Left Wing Right Wing Defense Defense
Sam Gagner Brandon Saad Corey Perry Jake Muzzin Justin Braun
Goaltenders
Starting : Anthony Stolarz
Backup : Robin Lehner
Extra Forwards
Normal : Nolan Patrick, Thomas Novak, Nick Bjugstad - PP : Janne Kuokkanen, Thomas Novak - PK : Nick Bjugstad
Extra Defensemen
Normal : Cale Makar, Jake Muzzin, Rasmus Ristolainen - PP : Cale Makar - PK : Jake Muzzin, Justin Braun
Penalty Shots
Brandon Saad, Corey Perry, Sam Gagner, Pat Maroon, Zemgus Girgensons
Winnipeg Jets
5 vs 5 Forward
Center Left Wing Right Wing Time % Phy DF OF
1 Connor McDavid Ryan Nugent-Hopkins Joe Pavelski 35 1 2 2
2 Nick Suzuki Tyler Toffoli Mark Stone 30 1 2 2
3 Matty Beniers Mathew Barzal Lucas Raymond 25 1 2 2
4 Barclay Goodrow Andrew Cogliano Eeli Tolvanen 10 1 2 2
5 vs 5 Defense
Defense Defense Time % Phy DF OF
1 Brandon Montour Kevin Shattenkirk 35 1 2 2
2 John Klingberg Dante Fabbro 35 1 2 2
3 Calen Addison Mark Borowiecki 30 1 2 2
4 Brandon Montour Dante Fabbro 0 1 2 2
PowerPlay Forward
Center Left Wing Right Wing Time % Phy DF OF
1 Connor McDavid Ryan Nugent-Hopkins Joe Pavelski 50 1 2 2
2 Nick Suzuki Tyler Toffoli Mark Stone 50 1 2 2
PowerPlay Defense
Defense Defense Time % Phy DF OF
1 Brandon Montour John Klingberg 50 1 2 2
2 Dante Fabbro Kevin Shattenkirk 50 1 2 2
Penalty Kill 4 Players Forward
Center Wing Time % Phy DF OF
1 Barclay Goodrow Andrew Cogliano 50 1 2 2
2 Nick Suzuki Mark Stone 50 1 2 2
Penalty Kill 4 Players Defense
Defense Defense Time % Phy DF OF
1 Mark Borowiecki Kevin Shattenkirk 50 1 2 2
2 Brandon Montour Calen Addison 50 1 2 2
Penalty Kill - 3 Players Forward
Forward Time % Phy DF OF
1 Barclay Goodrow 50 1 2 2
2 Ryan Nugent-Hopkins 50 1 2 2
Penalty Kill - 3 Players Defense
Defense Defense Time % Phy DF OF
1 Mark Borowiecki Kevin Shattenkirk 50 1 2 2
2 Dante Fabbro John Klingberg 50 1 2 2
4 vs 4 Forward
Center Wing Time % Phy DF OF
1 Connor McDavid Ryan Nugent-Hopkins 50 1 2 2
2 Joe Pavelski Nick Suzuki 50 1 2 2
4 vs 4 Defense
Defense Defense Time % Phy DF OF
1 Calen Addison John Klingberg 50 1 2 2
2 Brandon Montour Mark Borowiecki 50 1 2 2
Last Minutes Offensive
Center Left Wing Right Wing Defense Defense
Connor McDavid Tyler Toffoli Joe Pavelski Brandon Montour Kevin Shattenkirk
Last Minutes Defensive
Center Left Wing Right Wing Defense Defense
Barclay Goodrow Andrew Cogliano Mark Stone Kevin Shattenkirk Mark Borowiecki
Goaltenders
Starting : Jake Allen
Backup : Chris Driedger
Extra Forwards
Normal : Mathew Barzal, Lucas Raymond, Matty Beniers - PP : Mathew Barzal, Matty Beniers - PK : Eeli Tolvanen
Extra Defensemen
Normal : John Klingberg, Dante Fabbro, Mark Borowiecki - PP : Calen Addison - PK : Dante Fabbro, Calen Addison
Penalty Shots
Connor McDavid, Ryan Nugent-Hopkins, Joe Pavelski, Nick Suzuki, Mark Stone
% Time on Ice - Nashville Predators
Lines # - Real PCT - Wanted PCT - Time Play
Normal Forward
1 - 26% - 26% - 14:25
2 - 25% - 25% - 13:29
3 - 24% - 25% - 13:16
4 - 24% - 24% - 13:18
Normal Defense
1 - 39% - 40% - 21:30
2 - 30% - 30% - 16:07
3 - 22% - 20% - 12:03
4 - 9% - 10% - 4:48
PP Forward
1 - 56% - 60% - 2:52
2 - 44% - 40% - 2:13
PP Defense
1 - 64% - 60% - 3:16
2 - 36% - 40% - 1:49
PK Forward
1 - 100% - 60% - 0:10
2 - 0% - 40% - 0:00
PK Defense
1 - 100% - 60% - 0:10
2 - 0% - 40% - 0:00
PK3 Forward
1 - 0% - 60%
2 - 0% - 40%
PK3 Defense
1 - 0% - 60%
2 - 0% - 40%
44 Forward
1 - 0% - 60%
2 - 0% - 40%
44 Defense
1 - 0% - 60%
2 - 0% - 40%
Last Minute Offensive - 0:17
Last Minute Defensive - 0:00
Total
Forward - 60:00
Defense - 60:00
|
% Time on Ice - Winnipeg Jets
Lines # - Real PCT - Wanted PCT - Time Play
Normal Forward
1 - 34% - 35% - 18:32
2 - 28% - 30% - 15:04
3 - 24% - 25% - 13:19
4 - 14% - 10% - 7:33
Normal Defense
1 - 35% - 35% - 19:02
2 - 35% - 35% - 18:57
3 - 29% - 30% - 15:47
4 - 1% - 0% - 0:42
PP Forward
1 - 100% - 50% - 0:10
2 - 0% - 50% - 0:00
PP Defense
1 - 100% - 50% - 0:10
2 - 0% - 50% - 0:00
PK Forward
1 - 51% - 50% - 2:36
2 - 49% - 50% - 2:29
PK Defense
1 - 49% - 50% - 2:30
2 - 51% - 50% - 2:35
PK3 Forward
1 - 0% - 50%
2 - 0% - 50%
PK3 Defense
1 - 0% - 50%
2 - 0% - 50%
44 Forward
1 - 0% - 50%
2 - 0% - 50%
44 Defense
1 - 0% - 50%
2 - 0% - 50%
Last Minute Offensive - 0:00
Last Minute Defensive - 0:17
Total
Forward - 60:00
Defense - 60:00
|
Play-by-Play
1st period
0:01 of 1st period - Connor McDavid wins face-off versus Thomas Novak in neutral zone.
0:04 of 1st period - Rasmus Ristolainen is hit by Joe Pavelski and loses puck.
1:20 of 1st period - Dante Fabbro is hit by Jake Muzzin and loses puck.
2:16 of 1st period - Wrist shot by Matty Beniers.
2:16 of 1st period - Deflect By Riley Nash.
2:16 of 1st period - Shot Misses the Net.
2:16 of 1st period - Puck is out of play.
2:16 of 1st period - Anthony Stolarz from Nashville Predators is injured at 2:16 of 1st period (Bruised Right Shoulder).
2:16 of 1st period - Robin Lehner enters game.
2:17 of 1st period - Riley Nash wins face-off versus Connor McDavid in Nashville Predators zone.
2:17 of 1st period - Riley Nash is hit by Mark Borowiecki.
2:39 of 1st period - Minor Penalty to Mark Borowiecki for High sticking.
2:40 of 1st period - Barclay Goodrow wins face-off versus Thomas Novak in Winnipeg Jets zone.
2:52 of 1st period - Slapshot by Cale Makar.
2:52 of 1st period - Stopped by Jake Allen without a rebound.
2:53 of 1st period - Thomas Novak wins face-off versus Barclay Goodrow in Winnipeg Jets zone.
2:54 of 1st period - Slapshot by Cale Makar.
2:54 of 1st period - Shot Misses the Net.
3:06 of 1st period - Snap shot by Cale Makar.
3:06 of 1st period - Shot Blocked by Brandon Montour.
3:08 of 1st period - Wrist shot by Cale Makar.
3:08 of 1st period - Shot Blocked by Mark Stone.
3:41 of 1st period - Kevin Shattenkirk is hit by Sam Gagner and loses puck.
4:08 of 1st period - Rasmus Ristolainen is hit by Calen Addison and loses puck.
4:39 of 1st period - Penalty to Mark Borowiecki is over, Mark Borowiecki is back on ice.
4:42 of 1st period - Snap shot by Nick Suzuki.
4:42 of 1st period - Stopped by Robin Lehner with a rebound.
4:45 of 1st period - Icing by Rasmus Ristolainen.
4:46 of 1st period - Riley Nash wins face-off versus Matty Beniers in Nashville Predators zone.
5:02 of 1st period - Off-side.
5:03 of 1st period - Nick Suzuki wins face-off versus Nick Bjugstad in neutral zone.
5:06 of 1st period - Nick Bjugstad is hit by Nick Suzuki and loses puck.
5:29 of 1st period - Ryan Nugent-Hopkins is hit by Zemgus Girgensons.
5:50 of 1st period - Snap shot by Andrew Cogliano.
5:50 of 1st period - Stopped by Robin Lehner with a rebound.
6:17 of 1st period - Calen Addison is hit by Rasmus Ristolainen and loses puck.
6:53 of 1st period - Mark Borowiecki is hit by Justin Braun and loses puck.
7:29 of 1st period - Backhand shot by Nick Suzuki.
7:29 of 1st period - Shot Misses the Net.
7:55 of 1st period - Off-side.
7:56 of 1st period - Riley Nash wins face-off versus Connor McDavid in neutral zone.
8:11 of 1st period - Slapshot by Cale Makar.
8:11 of 1st period - Shot Blocked by Ryan Nugent-Hopkins.
8:34 of 1st period - Ryan Nugent-Hopkins is hit by Pat Maroon.
8:58 of 1st period - Riley Nash is hit by Mark Borowiecki and loses puck.
9:34 of 1st period - Riley Nash is hit by Joe Pavelski and loses puck.
9:53 of 1st period - Wrist shot by Ryan Nugent-Hopkins.
9:53 of 1st period - Stopped by Robin Lehner without a rebound.
9:54 of 1st period - Nick Suzuki wins face-off versus Thomas Novak in Nashville Predators zone.
10:51 of 1st period - Icing by Jake Muzzin.
10:52 of 1st period - Nick Suzuki wins face-off versus Zemgus Girgensons in Nashville Predators zone.
11:21 of 1st period - Snap shot by Brandon Saad.
11:21 of 1st period - Deflect By Mathew Barzal.
11:21 of 1st period - Shot Blocked by Mathew Barzal.
11:21 of 1st period - Puck is out of play.
11:22 of 1st period - Lucas Raymond wins face-off versus Thomas Novak in Winnipeg Jets zone.
12:04 of 1st period - Justin Braun is hit by Mathew Barzal and loses puck.
12:13 of 1st period - Snap shot by Mathew Barzal.
12:13 of 1st period - Stopped by Robin Lehner without a rebound.
12:14 of 1st period - Nick Suzuki wins face-off versus Nick Bjugstad in Nashville Predators zone.
12:17 of 1st period - Wrist shot by Mark Stone.
12:17 of 1st period - Stopped by Robin Lehner with a rebound.
12:28 of 1st period - Minor Penalty to John Klingberg for High sticking.
12:29 of 1st period - Zemgus Girgensons wins face-off versus Barclay Goodrow in Winnipeg Jets zone.
12:31 of 1st period - Snap shot by Corey Perry.
12:31 of 1st period - Deflect By Janne Kuokkanen.
12:31 of 1st period - Stopped by Jake Allen without a rebound.
12:32 of 1st period - Zemgus Girgensons wins face-off versus Barclay Goodrow in Winnipeg Jets zone.
12:37 of 1st period - Slapshot by Cale Makar.
12:37 of 1st period - Goal by Cale Makar - Nashville Predators : 1 - Winnipeg Jets : 0.
12:38 of 1st period - Nick Suzuki wins face-off versus Nick Bjugstad in neutral zone.
12:54 of 1st period - Wrist shot by Corey Perry.
12:54 of 1st period - Stopped by Jake Allen with a rebound.
13:45 of 1st period - Off-side.
13:46 of 1st period - Riley Nash wins face-off versus Matty Beniers in neutral zone.
13:55 of 1st period - Slapshot by Lucas Raymond.
13:55 of 1st period - Shot Misses the Net.
13:57 of 1st period - Wrist shot by John Klingberg.
13:57 of 1st period - Stopped by Robin Lehner with a rebound.
13:59 of 1st period - Slapshot by John Klingberg.
13:59 of 1st period - Stopped by Robin Lehner with a rebound.
14:01 of 1st period - Slapshot by John Klingberg.
14:01 of 1st period - Stopped by Robin Lehner without a rebound.
14:02 of 1st period - Connor McDavid wins face-off versus Nick Bjugstad in Nashville Predators zone.
14:07 of 1st period - Snap shot by Connor McDavid.
14:07 of 1st period - Shot Blocked by Cale Makar.
14:09 of 1st period - Slapshot by Dante Fabbro.
14:09 of 1st period - Deflect By Ryan Nugent-Hopkins.
14:09 of 1st period - Stopped by Robin Lehner without a rebound.
14:10 of 1st period - Corey Perry wins face-off versus Connor McDavid in Nashville Predators zone.
14:25 of 1st period - Wrist shot by Connor McDavid.
14:25 of 1st period - Deflect By Cale Makar.
14:25 of 1st period - Stopped by Robin Lehner without a rebound.
14:26 of 1st period - Nick Suzuki wins face-off versus Zemgus Girgensons in Nashville Predators zone.
14:27 of 1st period - Wrist shot by Tyler Toffoli.
14:27 of 1st period - Stopped by Robin Lehner with a rebound.
14:29 of 1st period - Wrist shot by Brandon Montour.
14:29 of 1st period - Shot Misses the Net.
14:31 of 1st period - Wrist shot by Mark Stone.
14:31 of 1st period - Stopped by Robin Lehner with a rebound.
14:33 of 1st period - Slapshot by Kevin Shattenkirk.
14:33 of 1st period - Deflect By Mark Stone.
14:33 of 1st period - Stopped by Robin Lehner without a rebound.
14:34 of 1st period - Zemgus Girgensons wins face-off versus Tyler Toffoli in Nashville Predators zone.
14:48 of 1st period - Justin Braun is hit by Mark Stone and loses puck.
14:55 of 1st period - Snap shot by Nick Suzuki.
14:55 of 1st period - Deflect By Mark Stone.
14:55 of 1st period - Stopped by Robin Lehner with a rebound.
14:57 of 1st period - Slapshot by Kevin Shattenkirk.
14:57 of 1st period - Shot Misses the Net.
15:19 of 1st period - Justin Braun is hit by Kevin Shattenkirk and loses puck.
15:28 of 1st period - Wrist shot by Zemgus Girgensons.
15:28 of 1st period - Stopped by Jake Allen with a rebound.
15:50 of 1st period - Zemgus Girgensons is hit by Brandon Montour and loses puck.
16:09 of 1st period - Wrist shot by Mark Stone.
16:09 of 1st period - Stopped by Robin Lehner with a rebound.
16:11 of 1st period - Slapshot by Kevin Shattenkirk.
16:11 of 1st period - Goal by Kevin Shattenkirk - Nashville Predators : 1 - Winnipeg Jets : 1.
16:12 of 1st period - Connor McDavid wins face-off versus Nick Bjugstad in neutral zone.
16:42 of 1st period - Off-side.
16:43 of 1st period - Thomas Novak wins face-off versus Matty Beniers in neutral zone.
16:48 of 1st period - Mathew Barzal is hit by Sam Gagner and loses puck.
16:55 of 1st period - Slapshot by Dante Fabbro.
16:55 of 1st period - Stopped by Robin Lehner without a rebound.
16:56 of 1st period - Joe Pavelski wins face-off versus Nick Bjugstad in Nashville Predators zone.
17:23 of 1st period - Dante Fabbro is hit by Sam Gagner and loses puck.
17:49 of 1st period - Cale Makar is hit by Mark Borowiecki and loses puck.
18:02 of 1st period - Slapshot by Cale Makar.
18:02 of 1st period - Stopped by Jake Allen without a rebound.
18:03 of 1st period - Nick Suzuki wins face-off versus Zemgus Girgensons in Winnipeg Jets zone.
18:16 of 1st period - Wrist shot by Mark Stone.
18:16 of 1st period - Shot Misses the Net.
18:47 of 1st period - Nate Schmidt is hit by Joe Pavelski and loses puck.
19:14 of 1st period - Wrist shot by Mathew Barzal.
19:14 of 1st period - Shot Misses the Net.
19:16 of 1st period - Wrist shot by Matty Beniers.
19:16 of 1st period - Shot Misses the Net.
19:18 of 1st period - Slapshot by Mark Borowiecki.
19:18 of 1st period - Shot Misses the Net.
19:39 of 1st period - Snap shot by Zemgus Girgensons.
19:39 of 1st period - Stopped by Jake Allen with a rebound.
19:41 of 1st period - Slapshot by Zemgus Girgensons.
19:41 of 1st period - Stopped by Jake Allen with a rebound.
Goals for this period are 1 for Nashville Predators vs 1 for Winnipeg Jets.
Shots for this period are 8 for Nashville Predators vs 17 for Winnipeg Jets.
2nd period
0:01 of 2nd period - Nick Bjugstad wins face-off versus Connor McDavid in neutral zone.
0:04 of 2nd period - Brandon Montour is hit by Rasmus Ristolainen and loses puck.
0:47 of 2nd period - Joe Pavelski is hit by Sam Gagner and loses puck.
1:12 of 2nd period - Snap shot by Lucas Raymond.
1:12 of 2nd period - Shot Misses the Net.
1:59 of 2nd period - Wrist shot by Barclay Goodrow.
1:59 of 2nd period - Shot Misses the Net.
2:17 of 2nd period - Snap shot by Brandon Saad.
2:17 of 2nd period - Shot Blocked by Tyler Toffoli.
2:19 of 2nd period - Slapshot by Jake Muzzin.
2:19 of 2nd period - Shot Misses the Net.
3:01 of 2nd period - Mark Borowiecki is hit by Justin Braun and loses puck.
3:51 of 2nd period - Sam Gagner is hit by Barclay Goodrow and loses puck.
4:45 of 2nd period - Icing by Janne Kuokkanen.
4:46 of 2nd period - Barclay Goodrow wins face-off versus Nick Bjugstad in Nashville Predators zone.
4:51 of 2nd period - Wrist shot by Barclay Goodrow.
4:51 of 2nd period - Goal by Barclay Goodrow - Nashville Predators : 1 - Winnipeg Jets : 2.
4:52 of 2nd period - Thomas Novak wins face-off versus Connor McDavid in neutral zone.
4:57 of 2nd period - Slapshot by Cale Makar.
4:57 of 2nd period - Stopped by Jake Allen with a rebound.
5:05 of 2nd period - Wrist shot by Thomas Novak.
5:05 of 2nd period - Shot Misses the Net.
5:07 of 2nd period - Snap shot by Thomas Novak.
5:07 of 2nd period - Stopped by Jake Allen with a rebound.
5:17 of 2nd period - Ryan Nugent-Hopkins is hit by Cale Makar and loses puck.
5:30 of 2nd period - Snap shot by Nolan Patrick.
5:30 of 2nd period - Shot Misses the Net.
5:42 of 2nd period - Wrist shot by Mathew Barzal.
5:42 of 2nd period - Stopped by Robin Lehner with a rebound.
5:44 of 2nd period - Wrist shot by Matty Beniers.
5:44 of 2nd period - Goal by Matty Beniers - Nashville Predators : 1 - Winnipeg Jets : 3.
5:45 of 2nd period - Matty Beniers wins face-off versus Thomas Novak in neutral zone.
6:41 of 2nd period - Wrist shot by Ryan Nugent-Hopkins.
6:41 of 2nd period - Shot Blocked by Jake Muzzin.
7:43 of 2nd period - Wrist shot by Ryan Nugent-Hopkins.
7:43 of 2nd period - Stopped by Robin Lehner without a rebound.
7:44 of 2nd period - Connor McDavid wins face-off versus Nick Bjugstad in Nashville Predators zone.
7:49 of 2nd period - Slapshot by Ryan Nugent-Hopkins.
7:49 of 2nd period - Shot Misses the Net.
7:55 of 2nd period - Snap shot by Joe Pavelski.
7:55 of 2nd period - Shot Blocked by Rasmus Ristolainen.
7:57 of 2nd period - Snap shot by Mark Borowiecki.
7:57 of 2nd period - Stopped by Robin Lehner without a rebound.
7:58 of 2nd period - Nick Suzuki wins face-off versus Zemgus Girgensons in Nashville Predators zone.
8:11 of 2nd period - Slapshot by Cale Makar.
8:11 of 2nd period - Goal by Cale Makar - Nashville Predators : 2 - Winnipeg Jets : 3.
8:12 of 2nd period - Nick Bjugstad wins face-off versus Joe Pavelski in neutral zone.
8:21 of 2nd period - Snap shot by Corey Perry.
8:21 of 2nd period - Shot Blocked by Mark Borowiecki.
8:23 of 2nd period - Snap shot by Rasmus Ristolainen.
8:23 of 2nd period - Shot Misses the Net.
8:25 of 2nd period - Slapshot by Rasmus Ristolainen.
8:25 of 2nd period - Stopped by Jake Allen without a rebound.
8:26 of 2nd period - Thomas Novak wins face-off versus Nick Suzuki in Winnipeg Jets zone.
8:27 of 2nd period - Snap shot by Brandon Saad.
8:27 of 2nd period - Stopped by Jake Allen with a rebound.
8:53 of 2nd period - Joe Pavelski is hit by Nick Bjugstad and loses puck.
9:44 of 2nd period - Slapshot by Lucas Raymond.
9:44 of 2nd period - Shot Blocked by Nolan Patrick.
10:00 of 2nd period - Rasmus Ristolainen is hit by Mark Stone and loses puck.
10:07 of 2nd period - Wrist shot by Mark Stone.
10:07 of 2nd period - Shot Misses the Net.
10:09 of 2nd period - Backhand shot by Mark Stone.
10:09 of 2nd period - Stopped by Robin Lehner without a rebound.
10:10 of 2nd period - Barclay Goodrow wins face-off versus Janne Kuokkanen in Nashville Predators zone.
10:15 of 2nd period - Snap shot by Andrew Cogliano.
10:15 of 2nd period - Stopped by Robin Lehner without a rebound.
10:16 of 2nd period - Barclay Goodrow wins face-off versus Corey Perry in Nashville Predators zone.
10:47 of 2nd period - Slapshot by Dante Fabbro.
10:47 of 2nd period - Shot Blocked by Rasmus Ristolainen.
10:49 of 2nd period - Slapshot by Dante Fabbro.
10:49 of 2nd period - Stopped by Robin Lehner with a rebound.
10:51 of 2nd period - Wrist shot by Andrew Cogliano.
10:51 of 2nd period - Shot Misses the Net.
10:53 of 2nd period - Slapshot by Dante Fabbro.
10:53 of 2nd period - Stopped by Robin Lehner without a rebound.
10:54 of 2nd period - Nick Suzuki wins face-off versus Thomas Novak in Nashville Predators zone.
10:57 of 2nd period - Wrist shot by Mark Stone.
10:57 of 2nd period - Shot Blocked by Nate Schmidt.
10:59 of 2nd period - Slapshot by John Klingberg.
10:59 of 2nd period - Deflect By Brandon Saad.
10:59 of 2nd period - Stopped by Robin Lehner without a rebound.
11:00 of 2nd period - Nick Suzuki wins face-off versus Thomas Novak in Nashville Predators zone.
11:36 of 2nd period - Icing by Dante Fabbro.
11:37 of 2nd period - Matty Beniers wins face-off versus Riley Nash in Winnipeg Jets zone.
12:02 of 2nd period - Icing by Connor McDavid.
12:03 of 2nd period - Connor McDavid wins face-off versus Nick Bjugstad in Winnipeg Jets zone.
12:48 of 2nd period - Snap shot by Janne Kuokkanen.
12:48 of 2nd period - Stopped by Jake Allen without a rebound.
12:49 of 2nd period - Nick Suzuki wins face-off versus Thomas Novak in Winnipeg Jets zone.
13:04 of 2nd period - Slapshot by Cale Makar.
13:04 of 2nd period - Stopped by Jake Allen without a rebound.
13:05 of 2nd period - Zemgus Girgensons wins face-off versus Joe Pavelski in Winnipeg Jets zone.
13:31 of 2nd period - Nolan Patrick is hit by Mark Borowiecki and loses puck.
13:49 of 2nd period - Off-side.
13:50 of 2nd period - Matty Beniers wins face-off versus Nick Bjugstad in neutral zone.
14:03 of 2nd period - Snap shot by Lucas Raymond.
14:03 of 2nd period - Goal by Lucas Raymond - Nashville Predators : 2 - Winnipeg Jets : 4.
14:04 of 2nd period - Connor McDavid wins face-off versus Thomas Novak in neutral zone.
15:07 of 2nd period - Snap shot by Lucas Raymond.
15:07 of 2nd period - Shot Blocked by Bowen Byram.
17:20 of 2nd period - Dante Fabbro is hit by Zemgus Girgensons and loses puck.
17:53 of 2nd period - John Klingberg is hit by Pat Maroon and loses puck.
18:09 of 2nd period - Wrist shot by Corey Perry.
18:09 of 2nd period - Stopped by Jake Allen with a rebound.
18:11 of 2nd period - Snap shot by Corey Perry.
18:11 of 2nd period - Deflect By John Klingberg.
18:11 of 2nd period - Shot Misses the Net.
18:11 of 2nd period - Puck is out of play.
18:12 of 2nd period - Connor McDavid wins face-off versus Thomas Novak in Winnipeg Jets zone.
19:08 of 2nd period - Wrist shot by Mathew Barzal.
19:08 of 2nd period - Deflect By Nate Schmidt.
19:08 of 2nd period - Shot Blocked by Nate Schmidt.
19:08 of 2nd period - Puck is out of play.
19:09 of 2nd period - Connor McDavid wins face-off versus Riley Nash in Nashville Predators zone.
19:34 of 2nd period - Brandon Saad is hit by Dante Fabbro and loses puck.
19:38 of 2nd period - Icing by Brandon Saad.
19:39 of 2nd period - Nick Suzuki wins face-off versus Thomas Novak in Nashville Predators zone.
19:46 of 2nd period - Wrist shot by Cale Makar.
19:46 of 2nd period - Shot Blocked by Tyler Toffoli.
19:48 of 2nd period - Snap shot by Sam Gagner.
19:48 of 2nd period - Deflect By Thomas Novak.
19:48 of 2nd period - Stopped by Jake Allen without a rebound.
19:49 of 2nd period - Connor McDavid wins face-off versus Zemgus Girgensons in Winnipeg Jets zone.
Goals for this period are 1 for Nashville Predators vs 3 for Winnipeg Jets.
Shots for this period are 9 for Nashville Predators vs 11 for Winnipeg Jets.
3rd period
0:01 of 3rd period - Connor McDavid wins face-off versus Janne Kuokkanen in neutral zone.
0:26 of 3rd period - Cale Makar is hit by Lucas Raymond and loses puck.
1:11 of 3rd period - Wrist shot by Nolan Patrick.
1:11 of 3rd period - Shot Blocked by Nick Suzuki.
2:17 of 3rd period - Wrist shot by Ryan Carpenter.
2:17 of 3rd period - Stopped by Jake Allen without a rebound.
2:18 of 3rd period - Andrew Cogliano wins face-off versus Zemgus Girgensons in Winnipeg Jets zone.
2:39 of 3rd period - Barclay Goodrow is hit by Jake Muzzin.
3:29 of 3rd period - Wrist shot by Zemgus Girgensons.
3:29 of 3rd period - Stopped by Jake Allen without a rebound.
3:30 of 3rd period - Connor McDavid wins face-off versus Nick Bjugstad in Winnipeg Jets zone.
4:00 of 3rd period - Snap shot by Tyler Toffoli.
4:00 of 3rd period - Shot Blocked by Sam Gagner.
4:30 of 3rd period - Snap shot by Lucas Raymond.
4:30 of 3rd period - Shot Misses the Net.
4:59 of 3rd period - Nick Bjugstad is hit by Mark Borowiecki and loses puck.
5:24 of 3rd period - Slapshot by Cale Makar.
5:24 of 3rd period - Stopped by Jake Allen with a rebound.
5:28 of 3rd period - Wrist shot by Thomas Novak.
5:28 of 3rd period - Shot Misses the Net.
5:30 of 3rd period - Wrist shot by Cale Makar.
5:30 of 3rd period - Stopped by Jake Allen without a rebound.
5:31 of 3rd period - Zemgus Girgensons wins face-off versus Lucas Raymond in Winnipeg Jets zone.
5:58 of 3rd period - Slapshot by Bowen Byram.
5:58 of 3rd period - Stopped by Jake Allen without a rebound.
5:59 of 3rd period - Nick Suzuki wins face-off versus Nick Bjugstad in Winnipeg Jets zone.
6:04 of 3rd period - Wrist shot by Tyler Toffoli.
6:04 of 3rd period - Deflect By Nick Suzuki.
6:04 of 3rd period - Stopped by Robin Lehner without a rebound.
6:05 of 3rd period - Connor McDavid wins face-off versus Thomas Novak in Nashville Predators zone.
6:20 of 3rd period - Wrist shot by Connor McDavid.
6:20 of 3rd period - Stopped by Robin Lehner with a rebound.
6:22 of 3rd period - Snap shot by Connor McDavid.
6:22 of 3rd period - Stopped by Robin Lehner without a rebound.
6:23 of 3rd period - Tyler Toffoli wins face-off versus Nick Bjugstad in Nashville Predators zone.
6:55 of 3rd period - Slapshot by Cale Makar.
6:55 of 3rd period - Shot Blocked by Dante Fabbro.
7:39 of 3rd period - Slapshot by Barclay Goodrow.
7:39 of 3rd period - Stopped by Robin Lehner with a rebound.
7:41 of 3rd period - Slapshot by Eeli Tolvanen.
7:41 of 3rd period - Shot Misses the Net.
7:43 of 3rd period - Wrist shot by Eeli Tolvanen.
7:43 of 3rd period - Stopped by Robin Lehner with a rebound.
7:45 of 3rd period - Backhand shot by Andrew Cogliano.
7:45 of 3rd period - Deflect By Eeli Tolvanen.
7:45 of 3rd period - Stopped by Robin Lehner without a rebound.
7:46 of 3rd period - Joe Pavelski wins face-off versus Sam Gagner in Nashville Predators zone.
8:13 of 3rd period - Nick Bjugstad is hit by Tyler Toffoli and loses puck.
8:20 of 3rd period - Wrist shot by Nick Bjugstad.
8:20 of 3rd period - Stopped by Jake Allen with a rebound.
8:40 of 3rd period - Eeli Tolvanen is hit by Riley Nash and loses puck.
9:01 of 3rd period - Wrist shot by Lucas Raymond.
9:01 of 3rd period - Shot Misses the Net.
9:03 of 3rd period - Snap shot by Matty Beniers.
9:03 of 3rd period - Stopped by Robin Lehner with a rebound.
9:05 of 3rd period - Snap shot by Lucas Raymond.
9:05 of 3rd period - Stopped by Robin Lehner with a rebound.
9:15 of 3rd period - Minor Penalty to Ryan Carpenter for Hooking.
9:16 of 3rd period - Connor McDavid wins face-off versus Riley Nash in Nashville Predators zone.
9:21 of 3rd period - Snap shot by Ryan Nugent-Hopkins.
9:21 of 3rd period - Shot Misses the Net.
9:23 of 3rd period - Snap shot by Joe Pavelski.
9:23 of 3rd period - Shot Blocked by Justin Braun.
9:25 of 3rd period - Wrist shot by Connor McDavid.
9:25 of 3rd period - Goal by Connor McDavid - Nashville Predators : 2 - Winnipeg Jets : 5.
9:26 of 3rd period - Connor McDavid wins face-off versus Thomas Novak in neutral zone.
10:08 of 3rd period - Snap shot by Brandon Saad.
10:08 of 3rd period - Shot Hit the Post.
10:10 of 3rd period - Snap shot by Brandon Saad.
10:10 of 3rd period - Goal by Brandon Saad - Nashville Predators : 3 - Winnipeg Jets : 5.
10:11 of 3rd period - Nick Bjugstad wins face-off versus Connor McDavid in neutral zone.
10:14 of 3rd period - Slapshot by Cale Makar.
10:14 of 3rd period - Stopped by Jake Allen with a rebound.
10:20 of 3rd period - Wrist shot by Connor McDavid.
10:20 of 3rd period - Shot Misses the Net.
10:22 of 3rd period - Slapshot by Ryan Nugent-Hopkins.
10:22 of 3rd period - Stopped by Robin Lehner without a rebound.
10:23 of 3rd period - Connor McDavid wins face-off versus Riley Nash in Nashville Predators zone.
10:38 of 3rd period - Wrist shot by Nolan Patrick.
10:38 of 3rd period - Shot Blocked by Dante Fabbro.
10:44 of 3rd period - Minor Penalty to John Klingberg for Holding.
10:45 of 3rd period - Brandon Saad wins face-off versus Mark Stone in Winnipeg Jets zone.
10:50 of 3rd period - Slapshot by Cale Makar.
10:50 of 3rd period - Shot Misses the Net.
10:56 of 3rd period - Wrist shot by Cale Makar.
10:56 of 3rd period - Shot Misses the Net.
10:58 of 3rd period - Snap shot by Cale Makar.
10:58 of 3rd period - Shot Blocked by Brandon Montour.
11:00 of 3rd period - Snap shot by Sam Gagner.
11:00 of 3rd period - Shot Misses the Net.
12:44 of 3rd period - Penalty to John Klingberg is over, John Klingberg is back on ice.
12:50 of 3rd period - John Klingberg is hit by Pat Maroon and loses puck.
14:09 of 3rd period - Wrist shot by Barclay Goodrow.
14:09 of 3rd period - Shot Misses the Net.
14:11 of 3rd period - Slapshot by Dante Fabbro.
14:11 of 3rd period - Shot Misses the Net.
14:13 of 3rd period - Slapshot by John Klingberg.
14:13 of 3rd period - Shot Blocked by Nolan Patrick.
14:15 of 3rd period - Snap shot by John Klingberg.
14:15 of 3rd period - Stopped by Robin Lehner without a rebound.
14:16 of 3rd period - Connor McDavid wins face-off versus Thomas Novak in Nashville Predators zone.
14:19 of 3rd period - Slapshot by Connor McDavid.
14:19 of 3rd period - Stopped by Robin Lehner with a rebound.
14:27 of 3rd period - Slapshot by Cale Makar.
14:27 of 3rd period - Stopped by Jake Allen with a rebound.
14:29 of 3rd period - Wrist shot by Thomas Novak.
14:29 of 3rd period - Stopped by Jake Allen with a rebound.
14:48 of 3rd period - Wrist shot by Nick Suzuki.
14:48 of 3rd period - Shot Blocked by Bowen Byram.
15:15 of 3rd period - Slapshot by Lucas Raymond.
15:15 of 3rd period - Deflect By Matty Beniers.
15:15 of 3rd period - Shot Misses the Net.
15:15 of 3rd period - Puck is out of play.
15:16 of 3rd period - Connor McDavid wins face-off versus Nick Bjugstad in Nashville Predators zone.
15:19 of 3rd period - Snap shot by Ryan Nugent-Hopkins.
15:19 of 3rd period - Stopped by Robin Lehner with a rebound.
15:53 of 3rd period - Wrist shot by Matty Beniers.
15:53 of 3rd period - Shot Blocked by Jake Muzzin.
16:25 of 3rd period - Off-side.
16:26 of 3rd period - Connor McDavid wins face-off versus Thomas Novak in neutral zone.
16:53 of 3rd period - Justin Braun is hit by Dante Fabbro and loses puck.
17:43 of 3rd period - Snap shot by Brandon Saad.
17:43 of 3rd period - Stopped by Jake Allen with a rebound.
17:45 of 3rd period - Slapshot by Cale Makar.
17:45 of 3rd period - Stopped by Jake Allen with a rebound.
17:57 of 3rd period - Slapshot by Nick Suzuki.
17:57 of 3rd period - Stopped by Robin Lehner with a rebound.
18:12 of 3rd period - Wrist shot by Mathew Barzal.
18:12 of 3rd period - Stopped by Robin Lehner with a rebound.
18:14 of 3rd period - Slapshot by Dante Fabbro.
18:14 of 3rd period - Stopped by Robin Lehner with a rebound.
18:42 of 3rd period - Snap shot by Corey Perry.
18:42 of 3rd period - Stopped by Jake Allen with a rebound.
18:44 of 3rd period - Slapshot by Nick Bjugstad.
18:44 of 3rd period - Goal by Nick Bjugstad - Nashville Predators : 4 - Winnipeg Jets : 5.
18:45 of 3rd period - Barclay Goodrow wins face-off versus Sam Gagner in neutral zone.
18:48 of 3rd period - Sam Gagner is hit by Mark Borowiecki.
19:01 of 3rd period - Minor Penalty to Mark Borowiecki for Checking from behind.
19:02 of 3rd period - Nick Suzuki wins face-off versus Thomas Novak in Winnipeg Jets zone.
19:28 of 3rd period - Janne Kuokkanen is hit by Barclay Goodrow and loses puck.
19:43 of 3rd period - Mark Stone is hit by Bowen Byram and loses puck.
Goals for this period are 2 for Nashville Predators vs 1 for Winnipeg Jets.
Shots for this period are 14 for Nashville Predators vs 16 for Winnipeg Jets.
Back to the Top